 Dungeon Crawl Stone Soup version 0.28-a0-1152-g9c71ebef14 (webtiles) character file.

Game seed: 12093211908519487795

765 spaghetti the Skirmisher (level 7, -6/54 HPs)
             Began as an Octopode Delver on Dec 14, 2021.
             Was a Believer of Cheibriados.
             Killed from afar by Ijyb (28 damage)
             ... with a bolt of acid
             ... on level 5 of the Dungeon.
             The game lasted 00:07:43 (6165 turns).

spaghetti the Skirmisher (Octopode Delver)          Turns: 6165, Time: 00:07:44

Health: -6/54      AC:  1    Str: 16    XL:     7   Next: 81%
Magic:  7/7        EV: 16    Int: 20    God:    Cheibriados [**....]
Gold:   233        SH:  0    Dex: 19    Spells: 6/6 levels left

rFire   . . .      SeeInvis .   a - +1 hand axe {axe}
rCold   + . .      Faith    .   (no shield)
rNeg    . . .      Spirit   .   (helmet restricted)
rPois   .          Reflect  .   (no amulet)
rElec   .          Harm     .   k - ring of protection from cold
rCorr   .          Rampage  .   (no ring)
Will    .....                   (no ring)
Stlth   +++++.....              (no ring)
HPRegen 0.18/turn               (no ring)
MPRegen 0.10/turn               (no ring)
                                (no ring)
                                (no ring)

@: very slow
A: almost no armour, amphibious, 8 rings, camouflage 1, gelatinous body 1,
(nimble swimmer 1), tentacles, tentacle spike 1, mutation resistance 1, weak 1
a: Renounce Religion, Bend Time


You were on level 5 of the Dungeon.
You worshipped Cheibriados.
Cheibriados was pleased with you.
You visited 2 branches of the dungeon, and saw 7 of its levels.

You collected 233 gold pieces.


Innate Abilities, Weirdness & Mutations

You cannot wear most types of armour.
You are amphibious.
You can wear up to eight rings at the same time.
Your skin changes colour to match your surroundings (Stealth+).
Your rubbery body absorbs attacks. (AC +1, EV +1)
((You are camouflaged near water. (Stealth+)))
You have tentacles for arms and can constrict up to eight enemies at once.
One of your tentacles bears a spike.
You are somewhat resistant to further mutation.
You are weak. (Str -2)


   Skills:
 + Level 7.1 Fighting
 - Level 2.0 Axes
 + Level 5.7 Dodging
 - Level 6.6 Stealth


You had 6 spell levels left.
You didn't know any spells.
Your spell library contained the following spells:

 Spells                   Type           Power      Damage    Failure   Level
 Magic Dart               Conj           0%         1d3       19%         1
 Call Imp                 Summ           0%         N/A       28%         2
 Scorch                   Fire           0%         2d5       28%         2
 Mephitic Cloud           Conj/Pois/Air  0%         N/A       50%         3
 Flame Wave               Conj/Fire      0%         2d4       88%         4
 Summon Cactus Giant      Summ           0%         N/A       100%        6

Inventory:

Hand Weapons
 a - a +1 hand axe (weapon) {axe}
Missiles
 d - 76 arrows
 g - 117 stones (quivered) {throwing}
 i - 16 poisoned darts {throwing}
 j - 4 javelins {throwing}
 n - 76 bolts
 q - 3 boomerangs {throwing}
 t - 18 sling bullets
Magical Staves
 h - a staff of earth {!astaff}
   (You found it on level 5 of the Dungeon)
 o - a staff of cold {!astaff}
   (You found it on level 1 of the Dungeon)
Jewellery
 k - a ring of protection from cold (left tentacle)
   (You found it on level 3 of the Dungeon)
Wands
 f - a wand of digging (7)
 s - a wand of iceblast (9)
   (You found it on level 4 of the Dungeon)
Scrolls
 c - 2 scrolls of magic mapping {!r}
 l - 2 scrolls of vulnerability {!r!r}
 p - a scroll of enchant weapon
 u - a scroll of teleportation {@r4}
Potions
 e - a potion of haste {@q3}
 m - a potion of brilliance

Dungeon Overview and Level Annotations

Branches:
Dungeon (6/15)             Temple (1/1) D:4

Altars:
Cheibriados
Dithmenos
Elyvilon
Gozag
Hepliaklqana
Kikubaaqudgha
Makhleb
Ru
Sif Muna
Trog
Uskayaw
Vehumet
Xom
Zin
The Shining One

Annotations:
D:5 Ijyb

#.#...# ### #.##..# .. #.##..#
######.##..#
...........######################
.............................>...
######.###..#.##§########.###.###
# #.# ##.#.##§# #.#<. #..
..#.##@####### #.###
#..###.#.§§§go..go. #....
#.......###§####### #####
#..#.#.. #......# ######## ....
#... #....#.# #.....oo .#...#...#
#.....###.# #..##...###.##..#....
....#.....# #...#.#.# ####
#.....# #oo.#.#.#


You could see Ijyb and an orc.


Message History

You hear a shout! x2
The orc warrior hits you with a +0 halberd!
You hear a shout! 😮 HP[-17]
You take 17 damage, and now have 28/53 hp.
MASSIVE DAMAGE!! (PAUSE)
Okay, then.
Okay, then.
Okay, then.
You fail to use your ability.
You constrict the orc warrior, but do no damage.
The orc warrior hits you with a +0 halberd!
* * * LOW HITPOINT WARNING * * *
😨 HP[-11]
You take 11 damage, and now have 17/53 hp.
MASSIVE DAMAGE!! (PAUSE) Unknown command.
Okay, then.
You feel much better.
You constrict the orc warrior. The orc warrior misses you. 😕 HP[+25]
You regained 25 hp, and now have 42/53 hp.
You hit the orc warrior but do no damage.
Your tentacle spike misses the orc warrior.
You squeeze the orc warrior. You constrict the orc warrior.
The orc warrior barely misses you.
You hit the orc warrior.
You pierce the orc warrior, but do no damage.
You constrict the orc warrior. The orc warrior closely misses you.
You hit the orc warrior but do no damage.
You pierce the orc warrior.
You constrict the orc warrior! The orc warrior barely misses you.
The orc warrior hits you with a +0 halberd. 😮 HP[-6]
You take 6 damage, and now have 36/53 hp.
You hit the orc warrior.
You kill the orc warrior!
Cheibriados appreciates the change of pace.
Your Fighting skill increases to level 7! 😮 HP[+1]
You now have 54 max hp (+1).
You barely miss the orc. You grab the orc. You squeeze the orc.
You constrict the orc. The orc barely misses you.
You slash the orc!
You kill the orc!
Cheibriados appreciates the change of pace. 😮 HP[+1]
Items here: )) [[ †.
You start resting.
An orc priest is nearby! 😮 HP[+1]
The orc priest misses you. 😮 HP[+1]
You hit the orc priest. You grab the orc priest. You constrict the orc priest.
Ijyb the Twisted Goblin comes into view.
She is wielding a +0 dagger and carrying a wand of acid (7).
The orc priest looks encouraged for a moment.
The orc priest barely misses you.
Unknown command.
Ijyb shouts!
You hit the orc priest. You constrict the orc priest.
The orc priest closely misses you.
The orc shouts!
You hit the orc priest.
You pierce the orc priest.
You constrict the orc priest.
You kill the orc priest!
Cheibriados thoroughly appreciates the change of pace.
Ijyb zaps a wand.
The bolt of acid hits you!!
* * * LOW HITPOINT WARNING * * *
😨 HP[-20]
You take 20 damage, and now have 20/54 hp.
MASSIVE DAMAGE!! (PAUSE) Unknown command.
Unknown command.
Okay, then.
As you read the scroll of fog, it crumbles to dust.
The scroll dissolves into smoke.
Unknown command.
You start resting.
Ijyb is nearby! 😨 HP[+1] Unknown command.
Aiming: Iceblast
Press: ? - help, Shift-Dir - straight line, f - Ijyb
Aim: Ijyb, wielding a +0 dagger, wearing a +0 leather armour and carrying a wand of acid (6) (purple smoke)
The mass of ice explodes!
The iceblast engulfs Ijyb.
You hear a shout!
You barely miss Ijyb. Your grab misses Ijyb.
You pierce Ijyb, but do no damage.
You squeeze Ijyb!
Ijyb zaps a wand.
The bolt of acid misses you.
Unknown command.
You barely miss Ijyb. You grab Ijyb.
You pierce Ijyb.
You squeeze Ijyb, but do no damage. You constrict Ijyb.
Ijyb closely misses you.
You hit Ijyb.
You pierce Ijyb.
You constrict Ijyb.
Ijyb zaps a wand.
The bolt of acid hits you!!
Ouch! That really hurt!
You die...

Skill      XL: |  1  2  3  4  5  6  7 |
---------------+----------------------+-----
Fighting       | 4 5 6 7 |  7.1
Dodging        | 3 4 5 |  5.7
Axes           | |  2.0
Stealth        | |  6.6

Action                   |  1- 3 |  4- 6 |  7- 9 || total
-------------------------+-------+-------+-------++-------
Melee: Hand axe          |    61 |   107 |    37 ||   205
       Constrict         |    12 |    24 |     9 ||    45
       Tentacles         |     6 |    16 |    15 ||    37
       Kick              |       |    17 |    13 ||    30
Invok: Bend Time         |       |       |     1 ||     1
Evoke: Wand              |       |       |     1 ||     1
  Use: Scroll            |     3 |     4 |     2 ||     9
       Potion            |     2 |     3 |     2 ||     7
 Stab: Sleeping          |     4 |    18 |       ||    22
       Distracted        |       |       |     1 ||     1
Armor: Skin              |     4 |     6 |     1 ||    11
Dodge: Dodged            |    50 |    85 |    29 ||   164

Levels and vault maps discovered:
D:1:      mrwooster_arrival_arrow, layout_basic,
          shapermc_ecumenical_altar_totnotflames, st_stairs_14,
          minmay_lizard_pond
D:2:      layout_basic, basic_altar, wad_floor_pattern_1, uniq_sigmund,
          uniq_terence
D:3:      layout_loops_ring, nicolae_gozag_cash_rules_everything_around_me,
          grunt_temple_overflow_order_and_chaos_2, minmay_between
D:4:      layout_basic, old_standard_altar, minmay_temple_entry_sparse_star,
          hangedman_abyss_or_decor_stabs, chequers_big_river
D:5:      layout_basic, st_stairs_1, eino_small_chamber_without_monster,
          uniq_eustachio, uniq_ijyb
D:6:      layout_cave_pools, mainiacjoe_overflow_24_doors,
          gammafunk_temple_overflow_statue, minivault_22
Temple:   jpeg_temple_clearing

Notes
Turn   | Place    | Note
-------+----------+-------------------------------------------
     0 | D:5      | spaghetti the Octopode Delver began the quest for the Orb.
     0 | D:5      | Reached XP level 1. HP: 16/16 MP: 1/1
     0 | D:5      | magus.rc [v1.9.6]
    24 | D:6      | Noticed a black bear
    36 | D:5      | HP: 2/16 [adder (5)]
    38 | D:5      | Reached XP level 2. HP: 3/21 MP: 2/2
   317 | D:5      | Noticed an orc warrior
   340 | D:5      | HP: 5/21 [orc warrior (16)]
   649 | D:4      | Reached skill level 4 in Fighting
   649 | D:4      | Reached XP level 3. HP: 10/27 MP: 3/3
   650 | D:4      | HP: 6/27 [constriction (1)]
   967 | D:4      | Found a staircase to the Ecumenical Temple.
  1208 | Temple   | Entered the Ecumenical Temple
  1336 | Temple   | Became a worshipper of Cheibriados the Contemplative
  1880 | D:3      | Reached * piety under Cheibriados
  1881 | D:3      | Reached XP level 4. HP: 31/34 MP: 4/4
  2098 | D:3      | Found a burning altar of Makhleb.
  2118 | D:3      | Found a glowing silver altar of Zin.
  2118 | D:3      | Noticed an angel
  2120 | D:3      | Noticed a cacodemon
  2176 | D:3      | Found an opulent altar of Gozag.
  2641 | D:2      | Noticed Sigmund
  2764 | D:2      | Noticed Terence
  2779 | D:2      | Killed Terence
  2780 | D:2      | Reached skill level 5 in Fighting
  2780 | D:2      | Reached skill level 3 in Dodging
  2780 | D:2      | Reached XP level 5. HP: 11/39 MP: 5/5
  3326 | D:1      | Found a faded altar of an unknown god.
  3566 | D:1      | Reached ** piety under Cheibriados
  3682 | D:1      | Gained mutation: You are weak. (Str -2) [potion of
                  | mutation]
  3682 | D:1      | Gained mutation: You are somewhat resistant to further
                  | mutation. [potion of mutation]
  3682 | D:1      | Gained mutation: One of your tentacles bears a spike.
                  | [potion of mutation]
  4438 | D:2      | Found a glowing silver altar of Zin.
  4700 | D:2      | Killed Sigmund
  4701 | D:2      | Reached skill level 4 in Dodging
  4701 | D:2      | Reached XP level 6. HP: 25/46 MP: 6/6
  4908 | D:4      | Reached skill level 6 in Fighting
  5068 | D:4      | You pick up a book of Minor Magic and begin reading...
  5068 | D:4      | You add the spells Magic Dart, Call Imp and Mephitic Cloud
                  | to your library.
  5307 | D:4      | Found a shadowy altar of Dithmenos.
  5335 | D:4      | You pick up a book of Scorching and begin reading...
  5335 | D:4      | You add the spells Scorch, Flame Wave and Summon Cactus
                  | Giant to your library.
  5560 | D:5      | Noticed a wraith
  5562 | D:5      | Reached XP level 7. HP: 52/52 MP: 7/7
  5758 | D:5      | HP: 9/53 [ogre (19)]
  5765 | D:5      | Reached skill level 5 in Dodging
  6145 | D:5      | Reached skill level 7 in Fighting
  6156 | D:5      | Noticed Ijyb
  6165 | D:5      | Killed from afar by Ijyb

Vanquished Creatures
  Sigmund (D:2)
  An orc warrior (D:5)
  An ogre (D:5)
  A phantom (D:4)
  2 orc priests
  A jelly (D:5)
  A hound (D:5)
  An iguana (D:2)
  Terence (D:2)
  An orc wizard (D:5)
  A hound zombie (D:3)
  5 adders
  2 worms (D:3)
  3 dart slugs
  12 orcs
  4 bats
  4 endoplasms
  5 giant cockroaches
  6 goblins
  7 hobgoblins
  9 ball pythons
  10 frilled lizards
  8 kobolds
  5 rats
92 creatures vanquished.

Vanquished Creatures (others)
  2 plants (D:4)
2 creatures vanquished.

Grand Total: 94 creatures vanquished

Table legend:
 A = Non-vault XP
 B = Vault XP
 C = Vault XP percentage of total XP
 D = Non-vault monster count
 E = Vault monster count
 F = Vault count percentage of total count
                 A         B        C        D         E       F
            +---------+---------+-------+---------+---------+-------
      Total |     820 |     274 |  25.0 |      79 |      13 |  14.1
            +---------+---------+-------+---------+---------+-------
        D:1 |      24 |       9 |  27.3 |      12 |       8 |  40.0
        D:2 |      83 |     259 |  75.7 |      22 |       2 |   8.3
        D:3 |      65 |       6 |   8.5 |      20 |       3 |  13.0
        D:4 |     205 |       0 |   0.0 |      12 |       0 |   0.0
        D:5 |     443 |       0 |   0.0 |      13 |       0 |   0.0
            +---------+---------+-------+---------+---------+-------

Illustrated notes

Table legend:
 A = Kills in this place as a percentage of kills in entire the game.
 B = Kills by you in this place as a percentage of kills by you in the entire game.
 C = Kills by friends in this place as a percentage of kills by friends in the entire game.
 D = Other kills in this place as a percentage of other kills in the entire game.
 E = Experience gained in this place as a percentage of experience gained in the entire game.
 F = Experience gained in this place divided by the number of levels of this place that you have seen.
                   A       B       C       D       E      F
               +-------+-------+-------+-------+-------+----------------------
         Total | 100.0 | 100.0 |   N/A |   N/A | 100.0 | 156.3
       Dungeon | 100.0 | 100.0 |   N/A |   N/A | 100.0 | 182.3
               +-------+-------+-------+-------+-------+----------------------

Table legend: (Time is in decaauts)
 A = Elapsed time spent in this place.
 B = Non-inter-level travel time spent in this place.
 C = Inter-level travel time spent in this place.
 D = Time resting spent in this place.
 E = Time spent auto-exploring this place.
 F = Levels seen in this place.
 G = Mean time per level.
                   A        B        C        D        E       F      G
               +--------+--------+--------+--------+--------+-----+--------+
         Total |   7368 |   6953 |    415 |   2111 |   4002 |   7 | 1052.6 |
       Dungeon |   7219 |   6866 |    353 |   2111 |   3937 |   6 | 1203.2 |
        Temple |    148 |     86 |     62 |      0 |     65 |   1 |  148.0 |
               +--------+--------+--------+--------+--------+-----+--------+

Top non-repeatable levels by time:
     D:4: 2011 daAuts
     D:3: 1615 daAuts
     D:2: 1561 daAuts
     D:1: 1214 daAuts
     D:5: 807 daAuts
  Temple: 148 daAuts
     D:6: 8 daAuts
